 Dungeon Crawl Stone Soup version 0.13-a0-2505-g5f0fbe2 (webtiles) character file.

100 JacquesDerrida the Gusty (level 2, 19/19 HPs)
             Began as a Mummy Air Elementalist on July 23, 2013.
             Quit the game on Level 1 of the Dungeon.
             The game lasted 00:04:22 (1520 turns).

JacquesDerrida the Gusty (Mummy Air Elementalist)   Turns: 1520, Time: 00:04:22

HP  19/19        AC  3     Str 11      XL: 2   Next: 72%
MP   4/4         EV 12     Int 14      God:
Gold 77          SH  0     Dex 12      Spells:  1 memorised,  3 levels left

Res.Fire  : x . .   See Invis. : .   (no weapon)
Res.Cold  : + . .   Warding    : .   a - +0 robe
Life Prot.: + + +   Conserve   : .   (no shield)
Res.Poison: +       Res.Corr.  : .   (no helmet)
Res.Elec. : .       Clarity    : .   (no cloak)
Sust.Abil.: . .     Spirit.Shd : .   e - +0 pair of elf gloves
Res.Mut.  : .       Stasis     : .   (no boots)
Res.Rott. : +       Flight     : .   (no amulet)
Saprovore : . . .                    (no ring)
                                     (no ring)

@: slightly resistant to hostile enchantments, unstealthy
A: no food or potions, fire vulnerability, restore body, cold resistance 1, life
protection 3, poison resistance, torment resistance, unbreathing
a: no special abilities


You were on level 1 of the Dungeon.
You were not hungry.

You visited 1 branch of the dungeon, and saw 1 of its levels.

You collected 57 gold pieces.

Inventory:

Missiles
 f - 3 curare-tipped needles
Armour
 a - a +0 robe (worn)
 e - a +0 pair of elven gloves (worn)
Scrolls
 c - 4 scrolls of identify {unknown}
 d - 2 scrolls of fog {unknown}
 g - a scroll of curse weapon {unknown}
Books
 b - a book of Air

   Spells                             Type                      Level
   *Shock                             Conjuration/Air              1
   Swiftness                          Charms/Air                   2
   Repel Missiles                     Charms/Air                   2
   Flight                             Charms/Air                   3
   Static Discharge                   Conjuration/Air              3
   Lightning Bolt                     Conjuration/Air              5


   Skills:
 - Level 1.5 Dodging
 - Level 1.5 Stealth
 + Level 1.9 Spellcasting
 + Level 1.6 Conjurations
 - Level 2.4 Air Magic


You had 3 spell levels left.
You knew the following spells:

 Your Spells              Type           Power        Failure   Level  Hunger
a - Shock                 Conj/Air       #...         12%         1    N/A

Dungeon Overview and Level Annotations

Branches:
Dungeon (1/27)

Altars:


Innate Abilities, Weirdness & Mutations

You do not eat or drink.
Your flesh is vulnerable to fire.
Your flesh is cold resistant.
You are immune to negative energy.
Your system is resistant to poisons.
You are immune to unholy pain and torment.
You can survive without breathing.


Message History

The hobgoblin is severely wounded.
The hobgoblin hits you with an orcish club!
Casting: Shock
Confirm with . or Enter, or press ? or * to list all spells.
Aiming: Shock
Press: ? - help, Shift-Dir - straight line The zap hits the hobgoblin.
You kill the hobgoblin!
You see here an orcish club.
You start resting.
Magic restored.
You start resting.
HP restored.
Saving game... please wait.
Welcome back, JacquesDerrida the Mummy Air Elementalist.
Press ? for a list of commands and other information.
Are you sure you want to abandon this character and quit the game? (Confirm with "yes".)
Okay, then.
Unknown command.
Are you sure you want to abandon this character and quit the game? (Confirm with "yes".)

#############
#...........#
#.#########.# ###.###
###.###
......#####.....#
###......##.....########
###.............@......#
.........##.....######.#
###..###.##.....# #.#
#..# #.####.########.#
#>.###.%......>....#.#
#...........######.#.#
####.###.###### #.#.#
.....# #.# #.#.# ######
#.# #.#.#


There were no monsters in sight!

Vanquished Creatures
  2 giant geckos (D:1)
  An ooze (D:1)
  4 hobgoblins (D:1)
  2 kobolds (D:1)
  2 bats (D:1)
  A giant newt (D:1)
  3 goblins (D:1)
  4 rats (D:1)
19 creatures vanquished.

Notes
Turn   | Place    | Note
--------------------------------------------------------------
     0 | D:1      | JacquesDerrida, the Mummy Air Elementalist, began the quest for the Orb.
     0 | D:1      | Reached XP level 1. HP: 13/13 MP: 3/3
    48 | D:1      | Reached skill level 1 in Conjurations
   678 | D:1      | Reached XP level 2. HP: 16/19 MP: 0/4
  1397 | D:1      | stonewall: Алсо, сегодня штормер один умер на 25-м этаже зига
  1397 | D:1      | JacquesDerrida: )))
  1397 | D:1      | JacquesDerrida: Ледяной небось
  1401 | D:1      | stonewall: Огненный
  1520 | D:1      | stonewall: Затупил просто
  1520 | D:1      | JacquesDerrida: Че как
  1520 | D:1      | stonewall: Ни бонжура, ни дверки не было
  1520 | D:1      | JacquesDerrida: Черт, а ведь правда
  1520 | D:1      | JacquesDerrida: У мумии ничего этого нет!
  1520 | D:1      | JacquesDerrida: Даже бутылки ни тово!
  1520 | D:1      | JacquesDerrida: Как страшно жыть!
  1520 | D:1      | stonewall: Я помню свою эпичную смерть от зига
  1520 | D:1      | JacquesDerrida: Пересоздаю тенгу...
  1520 | D:1      | stonewall: Слабак
  1520 | D:1      | stonewall: Давай, я перезайду
  1520 | D:1      | JacquesDerrida: Я мумией вареорой зиккурат зачищал!
  1520 | D:1      | JacquesDerrida: )))
  1520 | D:1      | Quit the game

Action                   || total
-------------------------++-------
Melee: Unarmed           ||    55
 Cast: Shock             ||    34
